MLB
BALTIMORE ORIOLES @ ARIZONA DIAMONDBACKS
07/22/2019
 
TOP OF THE 1ST
Baltimore Orioles batting - Pitching for Arizona Diamondbacks : RHP Dinelson Lamet
Pitching: RHP Dinelson Lamet
Batting: RHB Andrew McCutchen 0-0: Bunt for hit to 13 - play at first, batter safe!
Batting: SHB Dexter Fowler 0-0: Foul Ball, location: 2F
0-1: Ball
1-1: Foul Ball, location: 2F
1-2: Foul Ball, location: 2F
1-2: Ball
2-2: Ball
3-2: Base on Balls
Andrew McCutchen to second
Batting: LHB Joey Votto 0-0: Foul Ball, location: 2F
0-1: Foul Ball, location: 2F
0-2: Ball
1-2: Foul Ball, location: 2F
1-2: Ball
2-2: Fly out, F7 (Flyball, 7D, EV 95.6 MPH)
Batting: LHB Shohei Ohtani 0-0: Foul Ball, location: 2F
0-1: Foul Ball, location: 2F
0-2: Ball
1-2: Foul Ball, location: 2F
1-2: Ball
2-2: Ball
3-2: SINGLE (Groundball, 34D, EV 106.3 MPH)
Andrew McCutchen to third
Dexter Fowler to second
Runner from 3rd tries for Home, SAFE, no throw by RF
Batting: RHB Matt Duffy 0-0: TRIPLE (Flyball, 78XD, EV 108.1 MPH)
Dexter Fowler scores
Shohei Ohtani scores
Batting: LHB Daniel Murphy 0-0: Ball
1-0: Ball
2-0: Swinging Strike
2-1: Ball
3-1: Foul Ball, location: 2F
3-2: Base on Balls
Batting: RHB Daniel Castro 0-0: Called Strike
0-1: Ball
1-1: SINGLE (Line Drive, 78S, EV 93.1 MPH)
Matt Duffy scores
Daniel Murphy to second
Batting: RHB Rene Rivera 0-0: Foul Ball, location: 2F
0-1: Foul Ball, location: 2F
0-2: Ball
1-2: Ball
2-2: Strikes out looking
Batting: LHB Drew Smyly 0-0: Fly out, F4 (Popup, 4D, EV 48.1 MPH)
Top of the 1st over - 4 runs, 4 hits, 0 errors, 2 left on base; Baltimore 4 - Arizona 0
BOTTOM OF THE 1ST
Arizona Diamondbacks batting - Pitching for Baltimore Orioles : LHP Drew Smyly
Pitching: LHP Drew Smyly
Batting: LHB Raimel Tapia 0-0: Hit by Pitch
Batting: LHB Alex Verdugo 0-0: Ball
1-0: Ball
2-0: Ball
3-0: Base on Balls
Raimel Tapia to second
Batting: RHB Gleyber Torres 0-0: SINGLE (Groundball, 56D, EV 96.3 MPH)
Raimel Tapia to third
Alex Verdugo to second
Batting: LHB Ryan McMahon 0-0: Ball
1-0: Called Strike
1-1: Foul Ball, location: 2F
1-2: Ball
2-2: Strikes out swinging
Batting: RHB Tim Beckham 0-0: Called Strike
0-1: Ball
1-1: Ball
2-1: Ball
3-1: Fly out, F7 (Line Drive, 7, EV 107.5 MPH)
Runner from 3rd tags up, SCORES, throw by LF
Batting: LHB Josh Reddick 0-0: Called Strike
0-1: Ball
Wild Pitch!
Alex Verdugo to third
Gleyber Torres to second
1-1: Fly out, F9 (Flyball, 9LM, EV 83.1 MPH)
Bottom of the 1st over - 1 run, 1 hit, 0 errors, 2 left on base; Baltimore 4 - Arizona 1
TOP OF THE 2ND
Baltimore Orioles batting - Pitching for Arizona Diamondbacks : RHP Dinelson Lamet
Batting: RHB Andrew McCutchen 0-0: Ball
1-0: SINGLE (Line Drive, 6D, EV 101.3 MPH)
Batting: SHB Dexter Fowler 0-0: Called Strike
0-1: Swinging Strike
0-2: Strikes out swinging
Batting: LHB Joey Votto 0-0: Called Strike
0-1: Ball
1-1: Called Strike
1-2: Ball
2-2: Ball
3-2: Base on Balls
Andrew McCutchen to second
Batting: LHB Shohei Ohtani 0-0: Called Strike
0-1: Fly out, F7 (Flyball, 78D, EV 101.3 MPH)
Batting: RHB Matt Duffy 0-0: Swinging Strike
0-1: Foul Ball, location: 2F
0-2: SINGLE (Line Drive, 89S, EV 106.3 MPH)
Andrew McCutchen to third
Joey Votto to second
Batting: LHB Daniel Murphy 0-0: GRAND SLAM HOME RUN (Flyball, 7LD, EV 93.1 MPH), Distance : 353 ft
Pitching: RHP J.B. Wendelken
Batting: RHB Daniel Castro 0-0: Swinging Strike
0-1: Called Strike
0-2: Fly out, F9 (Line Drive, 9, EV 100.6 MPH)
Top of the 2nd over - 4 runs, 3 hits, 0 errors, 0 left on base; Baltimore 8 - Arizona 1
BOTTOM OF THE 2ND
Arizona Diamondbacks batting - Pitching for Baltimore Orioles : LHP Drew Smyly
Batting: SHB Francisco Mejia 0-0: DOUBLE (Line Drive, 78D, EV 109.4 MPH)
Batting: RHB Zack Short 0-0: Foul Ball, location: 2F
0-1: Ball
1-1: 2-RUN HOME RUN (Line Drive, 89XD, EV 103.1 MPH), Distance : 397 ft
Batting: RHB J.B. Wendelken 0-0: Ball
1-0: Ball
2-0: Ball
3-0: Base on Balls
Batting: LHB Raimel Tapia 0-0: Swinging Strike
0-1: Ball
1-1: Ball
2-1: Foul Ball, location: 2F
2-2: Strikes out swinging
Batting: LHB Alex Verdugo 0-0: Fly out, F7 (Flyball, 7, EV 92.5 MPH)
Batting: RHB Gleyber Torres 0-0: Ball
1-0: Fly out, F8 (Flyball, 8LM, EV 83.8 MPH)
Bottom of the 2nd over - 2 runs, 2 hits, 0 errors, 1 left on base; Baltimore 8 - Arizona 3
TOP OF THE 3RD
Baltimore Orioles batting - Pitching for Arizona Diamondbacks : RHP J.B. Wendelken
Batting: RHB Rene Rivera 0-0: Called Strike
0-1: Ball
1-1: Swinging Strike
1-2: Strikes out swinging
Batting: LHB Drew Smyly 0-0: Ball
1-0: Reached on error, E5 (Groundball, 56, EV 84.4 MPH)
Batting: RHB Andrew McCutchen 0-0: Called Strike
0-1: Foul Ball, location: 2F
0-2: Ball
1-2: Strikes out swinging
Batting: SHB Dexter Fowler 0-0: Called Strike
0-1: Ball
1-1: Called Strike
1-2: Ball
2-2: Foul Ball, location: 2F
2-2: Foul Ball, location: 2F
2-2: Fly out, F9 (Line Drive, 9, EV 88.1 MPH)
Top of the 3rd over - 0 runs, 0 hits, 1 error, 1 left on base; Baltimore 8 - Arizona 3
BOTTOM OF THE 3RD
Arizona Diamondbacks batting - Pitching for Baltimore Orioles : LHP Drew Smyly
Batting: LHB Ryan McMahon 0-0: Ball
1-0: Foul Ball, location: 2F
1-1: Ball
2-1: Called Strike
2-2: Foul Ball, location: 2F
2-2: Foul Ball, location: 2F
2-2: Foul Ball, location: 2F
2-2: Ball
3-2: Ground out 5-3 (Groundball, 6, EV 93.1 MPH)
Batting: RHB Tim Beckham 0-0: Fly out, F4 (Popup, 4M, EV 74.4 MPH)
Batting: LHB Josh Reddick 0-0: Swinging Strike
0-1: Ball
1-1: Ball
2-1: Swinging Strike
2-2: Ball
3-2: Foul Ball, location: 2F
3-2: Strikes out looking
Bottom of the 3rd over - 0 runs, 0 hits, 0 errors, 0 left on base; Baltimore 8 - Arizona 3
TOP OF THE 4TH
Baltimore Orioles batting - Pitching for Arizona Diamondbacks : RHP J.B. Wendelken
Batting: LHB Joey Votto 0-0: Called Strike
0-1: Ball
1-1: Ball
2-1: Swinging Strike
2-2: Foul Ball, location: 2F
2-2: Foul Ball, location: 2F
2-2: Ball
3-2: Fly out, F6 (Line Drive, 6, EV 68.8 MPH)
Batting: LHB Shohei Ohtani 0-0: Foul Ball, location: 2F
0-1: SINGLE (Line Drive, 78M, EV 90.0 MPH)
Pitching: RHP Jairo Diaz
Batting: RHB Matt Duffy 0-0: Fielders Choice at 2nd, 4-6 (Groundball, 34, EV 85.6 MPH)
Batting: LHB Daniel Murphy 0-0: Called Strike
0-1: Ball
1-1: SINGLE (Groundball, 6MD, EV 97.5 MPH)
Matt Duffy to second
Batting: RHB Daniel Castro 0-0: Ball
1-0: Ball
2-0: Called Strike
2-1: Swinging Strike
2-2: Fly out, F9 (Flyball, 9S, EV 85.6 MPH)
Top of the 4th over - 0 runs, 2 hits, 0 errors, 2 left on base; Baltimore 8 - Arizona 3
BOTTOM OF THE 4TH
Arizona Diamondbacks batting - Pitching for Baltimore Orioles : LHP Drew Smyly
Batting: SHB Francisco Mejia 0-0: Ball
1-0: SOLO HOME RUN (Flyball, 7LD, EV 110.0 MPH), Distance : 377 ft
Batting: RHB Zack Short 0-0: Fly out, F7 (Line Drive, 7, EV 84.4 MPH)
Batting: RHB Jairo Diaz 0-0: Fly out, F8 (Flyball, 8RD, EV 91.9 MPH)
Batting: LHB Raimel Tapia 0-0: Foul Ball, location: 2F
0-1: Fly out, F6 (Line Drive, 6, EV 70.0 MPH)
Bottom of the 4th over - 1 run, 1 hit, 0 errors, 0 left on base; Baltimore 8 - Arizona 4
TOP OF THE 5TH
Baltimore Orioles batting - Pitching for Arizona Diamondbacks : RHP Jairo Diaz
Batting: RHB Rene Rivera 0-0: Called Strike
0-1: Called Strike
0-2: Foul Ball, location: 2F
0-2: Strikes out swinging
Batting: LHB Drew Smyly 0-0: Ground out 6-3 (Groundball, 6, EV 85.6 MPH)
Batting: RHB Andrew McCutchen 0-0: Ball
1-0: Ball
2-0: Foul Ball, location: 2F
2-1: Called Strike
2-2: Ball
3-2: Base on Balls
Pitching: RHP Raynel Espinal
Batting: SHB Dexter Fowler 0-0: Foul Ball, location: 2F
0-1: Swinging Strike
0-2: Ball
1-2: Fly out, F8 (Flyball, 8LXD, EV 92.5 MPH)
Top of the 5th over - 0 runs, 0 hits, 0 errors, 1 left on base; Baltimore 8 - Arizona 4
BOTTOM OF THE 5TH
Arizona Diamondbacks batting - Pitching for Baltimore Orioles : LHP Drew Smyly
Batting: LHB Alex Verdugo 0-0: Ball
1-0: Foul Ball, location: 2F
1-1: SINGLE (Groundball, 34D, EV 104.4 MPH)
Batting: RHB Gleyber Torres 0-0: Called Strike
0-1: Swinging Strike
0-2: Ball
1-2: Ball
2-2: Ball
3-2: Strikes out swinging
Batting: LHB Ryan McMahon 0-0: Ball
Wild Pitch!
Alex Verdugo to second
1-0: Called Strike
1-1: Ball
2-1: Foul Ball, location: 2F
2-2: Ball
3-2: Strikes out swinging
Batting: RHB Tim Beckham 0-0: Ball
1-0: Foul Ball, location: 2F
1-1: Fly out, F2 (Popup, 25F, EV 81.3 MPH)
Bottom of the 5th over - 0 runs, 1 hit, 0 errors, 1 left on base; Baltimore 8 - Arizona 4
TOP OF THE 6TH
Baltimore Orioles batting - Pitching for Arizona Diamondbacks : RHP Raynel Espinal
Batting: LHB Joey Votto 0-0: Fly out, F6 (Popup, 6, EV 63.8 MPH)
Batting: LHB Shohei Ohtani 0-0: Ball
1-0: Ball
2-0: Called Strike
2-1: Foul Ball, location: 2F
2-2: Foul Ball, location: 2F
2-2: SINGLE (Line Drive, 7LS, EV 106.3 MPH)
Batting: RHB Matt Duffy 0-0: Ball
1-0: Foul Ball, location: 2F
1-1: Called Strike
1-2: Strikes out swinging
Batting: LHB Daniel Murphy 0-0: Ball
1-0: Ball
2-0: Called Strike
2-1: Ball
3-1: Foul Ball, location: 2F
3-2: Strikes out looking
Top of the 6th over - 0 runs, 1 hit, 0 errors, 1 left on base; Baltimore 8 - Arizona 4
BOTTOM OF THE 6TH
Arizona Diamondbacks batting - Pitching for Baltimore Orioles : LHP Drew Smyly
Pitching: RHP Tim Peterson
Batting: LHB Josh Reddick 0-0: Foul Ball, location: 2F
0-1: Called Strike
0-2: Strikes out swinging
Batting: SHB Francisco Mejia 0-0: Ball
1-0: Fly out, F8 (Flyball, 8LM, EV 88.1 MPH)
Batting: RHB Zack Short 0-0: Ball
1-0: Foul Ball, location: 2F
1-1: Called Strike
1-2: SINGLE (Flyball, 8RS, EV 90.6 MPH)
Batting: RHB Raynel Espinal 0-0: Ball
1-0: Foul Ball, location: 2F
1-1: Foul Ball, location: 2F
1-2: Strikes out swinging
Bottom of the 6th over - 0 runs, 1 hit, 0 errors, 1 left on base; Baltimore 8 - Arizona 4
TOP OF THE 7TH
Baltimore Orioles batting - Pitching for Arizona Diamondbacks : RHP Raynel Espinal
Pitching: LHP Dan Jennings
Batting: RHB Daniel Castro 0-0: SINGLE (Groundball, 56D, EV 94.4 MPH)
Batting: RHB Rene Rivera 0-0: Ball
1-0: Grounds into double play, 4-6-3 (Groundball, 4, EV 86.9 MPH)
Pinch Hitting: RHB Garrett Cooper 0-0: Ball
1-0: Ball
2-0: Called Strike
2-1: Foul Ball, location: 2F
2-2: Ball
3-2: Ground out 5-3 (Groundball, 56S, EV 71.9 MPH)
Top of the 7th over - 0 runs, 1 hit, 0 errors, 0 left on base; Baltimore 8 - Arizona 4
BOTTOM OF THE 7TH
Arizona Diamondbacks batting - Pitching for Baltimore Orioles : RHP Tim Peterson
Pitching: RHP Brandon Morrow
Batting: LHB Raimel Tapia 0-0: Ball
1-0: SOLO HOME RUN (Flyball, 9LD, EV 103.8 MPH), Distance : 342 ft
Batting: LHB Alex Verdugo 0-0: Ball
1-0: Foul Ball, location: 2F
1-1: Ball
2-1: Swinging Strike
2-2: Foul Ball, location: 2F
2-2: Foul Ball, location: 2F
2-2: Ball
3-2: SINGLE (Line Drive, 8RS, EV 100.6 MPH)
Pitching: RHP Jimmie Sherfy
Batting: RHB Gleyber Torres 0-0: Called Strike
0-1: Swinging Strike
0-2: Ball
1-2: Ball
2-2: Strikes out swinging
Batting: LHB Ryan McMahon 0-0: Ball
1-0: Called Strike
1-1: Swinging Strike
1-2: Strikes out swinging
Batting: RHB Tim Beckham 0-0: Called Strike
0-1: Fielders Choice at 2nd, U6 (Groundball, 6M, EV 105.0 MPH)
Bottom of the 7th over - 1 run, 2 hits, 0 errors, 1 left on base; Baltimore 8 - Arizona 5
TOP OF THE 8TH
Baltimore Orioles batting - Pitching for Arizona Diamondbacks : LHP Dan Jennings
Batting: RHB Andrew McCutchen 0-0: Ball
1-0: Ball
2-0: Called Strike
2-1: Foul Ball, location: 2F
2-2: Ball
3-2: Foul Ball, location: 2F
3-2: Foul Ball, location: 2F
3-2: Foul Ball, location: 2F
3-2: Foul Ball, location: 2F
3-2: Foul Ball, location: 2F
3-2: Ground out 5-3 (Groundball, 5S, EV 86.3 MPH)
Pitching: RHP Dillon Tate
Batting: SHB Dexter Fowler 0-0: Ball
1-0: Foul Ball, location: 2F
1-1: Foul Ball, location: 2F
1-2: Ball
2-2: Foul Ball, location: 2F
2-2: Foul Ball, location: 2F
2-2: Ball
3-2: Foul Ball, location: 2F
3-2: Hit by Pitch
Batting: LHB Joey Votto 0-0: Ball
1-0: Ball
2-0: Ball
3-0: Foul Ball, location: 2F
3-1: SINGLE (Flyball, 89S, EV 93.8 MPH)
Dexter Fowler to second
Runner from 2nd tries for 3rd, SAFE, throw by RF made to third
Batting: LHB Shohei Ohtani 0-0: Ball
1-0: Called Strike
1-1: Ball
2-1: SINGLE (Groundball, 4MD, EV 96.3 MPH)
Dexter Fowler scores
Joey Votto to second
Batting: RHB Matt Duffy 0-0: Called Strike
0-1: Ball
1-1: Called Strike
1-2: Ball
2-2: SINGLE (Line Drive, 89M, EV 94.4 MPH)
Joey Votto to third
Shohei Ohtani to second
Pitching: RHP Nick Gardewine
Batting: LHB Daniel Murphy 0-0: Called Strike
0-1: SINGLE (Line Drive, 34, EV 95.0 MPH)
Joey Votto scores
Shohei Ohtani to third
Matt Duffy to second
Batting: RHB Daniel Castro 0-0: Called Strike
0-1: Grounds into fielders choice 1-2 (Groundball, 15S, EV 63.1 MPH)
Matt Duffy to third
Daniel Murphy to second
Batting: RHB Rene Rivera 0-0: Swinging Strike
0-1: Swinging Strike
0-2: Strikes out swinging
Top of the 8th over - 2 runs, 4 hits, 0 errors, 3 left on base; Baltimore 10 - Arizona 5
BOTTOM OF THE 8TH
Arizona Diamondbacks batting - Pitching for Baltimore Orioles : RHP Jimmie Sherfy
Batting: LHB Josh Reddick 0-0: Called Strike
0-1: Called Strike
0-2: Ball
1-2: Strikes out swinging
Batting: SHB Francisco Mejia 0-0: Swinging Strike
0-1: Ball
1-1: Ball
2-1: Ball
3-1: Foul Ball, location: 2F
3-2: Base on Balls
Pitching: RHP R.J. Alaniz
Batting: RHB Zack Short 0-0: Foul Ball, location: 2F
0-1: Ball
1-1: Called Strike
1-2: Ball
2-2: SINGLE (Flyball, 78M, EV 93.8 MPH)
Francisco Mejia to second
Batting: RHB Nick Gardewine 0-0: Sac Bunt to P - play at first, batter OUT! 1-4
Francisco Mejia to third
Zack Short to second
Batting: LHB Raimel Tapia 0-0: Ball
1-0: Ball
2-0: Called Strike
2-1: Called Strike
2-2: Reached on error, E3 (Groundball, 34, EV 105.0 MPH)
Francisco Mejia scores
Zack Short scores
Batting: LHB Alex Verdugo 0-0: Ball
1-0: Ground out 4-3 (Groundball, 4, EV 103.1 MPH)
Bottom of the 8th over - 2 runs, 1 hit, 1 error, 1 left on base; Baltimore 10 - Arizona 7
TOP OF THE 9TH
Baltimore Orioles batting - Pitching for Arizona Diamondbacks : RHP Nick Gardewine
Pinch Hitting: LHB Nomar Mazara 0-0: Foul Ball, location: 2F
0-1: Ball
1-1: Ball
2-1: Ball
3-1: Called Strike
3-2: Foul Ball, location: 2F
3-2: Base on Balls
Batting: RHB Andrew McCutchen 0-0: Called Strike
0-1: Ball
1-1: Foul Ball, location: 2F
1-2: SINGLE (Line Drive, 4M, EV 98.1 MPH)
Nomar Mazara to second
Batting: SHB Dexter Fowler 0-0: Grounds into double play, 4-6-3 (Groundball, 34, EV 102.5 MPH)
Nomar Mazara to third
Pitching: RHP Jandel Gustave
Batting: LHB Joey Votto 0-0: Swinging Strike
0-1: Called Strike
0-2: Foul Ball, location: 2F
0-2: Foul Ball, location: 2F
0-2: Ball
1-2: Foul Ball, location: 2F
1-2: Foul Ball, location: 2F
1-2: Ball
2-2: SINGLE (Groundball, 4D, EV 104.4 MPH)
Nomar Mazara scores
Batting: LHB Shohei Ohtani 0-0: Ball
1-0: Called Strike
1-1: Ball
2-1: Swinging Strike
2-2: Ball
3-2: Base on Balls
Joey Votto to second
Batting: RHB Matt Duffy 0-0: Ball
1-0: Foul Ball, location: 2F
1-1: Called Strike
1-2: Ground out 4-3 (Groundball, 4, EV 85.6 MPH)
Top of the 9th over - 1 run, 2 hits, 0 errors, 2 left on base; Baltimore 11 - Arizona 7
BOTTOM OF THE 9TH
Arizona Diamondbacks batting - Pitching for Baltimore Orioles : RHP R.J. Alaniz
Pitching: RHP Joe Jimenez
Batting: RHB Gleyber Torres 0-0: Foul Ball, location: 2F
0-1: Fly out, F4 (Popup, 34, EV 58.8 MPH)
Batting: LHB Ryan McMahon 0-0: Ball
1-0: Foul Ball, location: 2F
1-1: Ball
2-1: Ball
3-1: SINGLE (Line Drive, 8LS, EV 95.6 MPH)
Batting: RHB Tim Beckham 0-0: Ball
1-0: SINGLE (Flyball, 9S, EV 85.6 MPH)
Ryan McMahon to second
Pitching: RHP James Norwood
Batting: LHB Josh Reddick 0-0: Ball
1-0: Swinging Strike
1-1: Ball
2-1: Foul Ball, location: 2F
2-2: Ball
3-2: Foul Ball, location: 2F
3-2: Base on Balls
Ryan McMahon to third
Tim Beckham to second
Batting: SHB Francisco Mejia 0-0: Ball
1-0: Called Strike
1-1: Hit by Pitch
Ryan McMahon scores
Tim Beckham to third
Josh Reddick to second
Pinch Runner at 1st Christian Walker:
Batting: RHB Zack Short 0-0: Foul Ball, location: 2F
0-1: Ball
1-1: Swinging Strike
1-2: Foul Ball, location: 2F
1-2: Foul Ball, location: 2F
1-2: Ball
2-2: Foul Ball, location: 2F
2-2: Fielders Choice at 2nd, 4-6 (Groundball, 34, EV 98.1 MPH)
Tim Beckham scores
Josh Reddick to third
Pinch Hitting: LHB Socrates Brito
Pitching: RHP Pedro Strop
Now in CF: Albert Almora 0-0: Ball
1-0: Fly out, F8 (Flyball, 8LS, EV 86.9 MPH)
Bottom of the 9th over - 2 runs, 2 hits, 0 errors, 2 left on base; Baltimore 11 - Arizona 9
Saturday, October 26th, 2019 - OOTP Baseball 20.6 Build 55